 Dungeon Crawl Stone Soup version 0.18.1-8-gdd0e5ea (webtiles) character file.

116 epen the Ruffian (level 4, 0/44 HPs)
             Began as a Troll Fighter on May 22, 2016.
             Slain by an orc priest
             ... wielding a +0 flail
              (6 damage)
             ... on level 3 of the Dungeon.
             The game lasted 00:02:19 (1529 turns).

epen the Ruffian (Troll Fighter)                    Turns: 1529, Time: 00:02:19

Health: 0/44       AC:  3    Str: 24    XL:     4   Next: 69%
Magic:  3/3        EV: 10    Int:  5    God:
Gold:   111        SH:  0    Dex:  9    Spells: 0 memorised, 3 levels left

rFire  . . .     SeeInvis .       - Unarmed
rCold  . . .     Gourm    +     a - +0 robe
rNeg   + . .     Faith    .     (no shield)
rPois  .         Spirit   .     (helmet restricted)
rElec  .         Dismiss  .     (no cloak)
rCorr  .         Reflect  .     (gloves unavailable)
SustAt .         Harm     .     (boots unavailable)
MR     .....                    (no amulet)
Stlth  +.........               p - ring of positive energy
                                i - -2 ring of protection (curse)

@: not resistant to hostile enchantments, very unstealthy
A: unfitting armour, claws 3, fast metabolism 3, gourmand, regeneration 2,
shaggy fur 1, tough skin 2
a: no special abilities


You were on level 3 of the Dungeon.
You were very full.

You visited 1 branch of the dungeon, and saw 3 of its levels.

You collected 111 gold pieces.

Inventory:

Missiles
 o - a throwing net (quivered)
Armour
 a - a +0 robe (worn)
 b - a +0 shield
Jewellery
 i - a cursed -2 ring of protection (left claw)
 p - a ring of positive energy (right claw)
Scrolls
 f - a scroll of immolation {unknown}
 j - a scroll of remove curse {unknown}
 m - a scroll of enchant armour {unknown}
 n - a scroll of teleportation {unknown}
 q - a scroll of blinking {unknown}
 r - a scroll of enchant weapon {unknown}
Potions
 c - a potion of might
 e - a potion of heal wounds {unknown}
 h - 2 potions of magic {unknown}
 k - a potion of invisibility {unknown}
Comestibles
 d - 2 bread rations
 g - 2 beef jerkies
 l - 3 chunks of flesh


   Skills:
 + Level 2.9 Fighting
 * Level 2.2 Armour
 + Level 2.6 Dodging
 - Level 2.4 Shields
 * Level 3.1 Unarmed Combat


You had 3 spell levels left.
You didn't know any spells.

Dungeon Overview and Level Annotations

Branches:
Dungeon (3/15)

Altars:

Annotations:
D:2 exclusions: door and goblin


Innate Abilities, Weirdness & Mutations

You are too large for most types of armour.
You have claws for hands.
Your metabolism is lightning-fast.
You like to eat raw meat.
You heal very quickly.
You are covered in fur (AC +1).
You have very tough skin (AC +2).


Message History

You scratch the orc priest but do no damage.
The orc priest is almost dead.
The orc priest hits you with a flail!
You scratch the orc priest but do no damage.
The orc priest is almost dead.
The orc priest hits you with a flail.
You barely miss the orc priest.
The orc priest is almost dead.
The orc priest hits you with a flail!
You barely miss the orc priest.
The orc priest is almost dead.
You closely miss the orc priest.
The orc priest is almost dead.
The orc priest hits you with a flail!
* * * LOW HITPOINT WARNING * * *
You are too injured to fight recklessly!
You closely miss the orc priest.
The orc priest is almost dead.
The orc priest hits you with a flail.
You die...

##########
#.†......#
#..@o<...#
#........#
#........#
#..........
#........##
#........#
#........#
#........#


You could see an orc priest.

Vanquished Creatures
  3 gnolls (D:2)
  4 adders (D:2)
  2 worms (D:2)
  A giant gecko (D:2)
  2 orcs (D:2)
  3 bats (D:2)
  4 giant cockroaches
  8 hobgoblins
  3 kobolds
  A ball python (D:2)
  2 giant newts (D:1)
  7 goblins
  4 rats (D:1)
44 creatures vanquished.

Notes
Turn   | Place    | Note
--------------------------------------------------------------
     0 | D:1      | epen the Troll Fighter began the quest for the Orb.
     0 | D:1      | Reached XP level 1. HP: 22/22 MP: 0/0
   355 | D:1      | Reached XP level 2. HP: 23/29 MP: 1/1
   847 | D:2      | Reached skill level 1 in Armour
   888 | D:2      | Reached XP level 3. HP: 35/36 MP: 2/2
  1012 | D:2      | Reached XP level 4. HP: 38/44 MP: 3/3
  1111 | D:2      | Reached skill level 3 in Unarmed Combat
  1529 | D:3      | Slain by an orc priest

Skill      XL: |  1  2  3  4 |
---------------+-------------+-----
Armour         | 1 2 |  2.2
Unarmed Combat | 3 |  3.1
Fighting       | |  2.9
Dodging        | |  2.6
Shields        | |  2.4

Action                   |  1- 3 |  4- 6 || total
-------------------------+-------+-------++-------
Melee: Unarmed           |    98 |    57 ||   155
       Punch             |     1 |       ||     1
  Eat: Chunk             |    15 |     4 ||    19
Armor: Robe              |    22 |    34 ||    56
Dodge: Dodged            |    42 |    38 ||    80
